[Event "Titled Tuesday Blitz September 21 2021"]
[White "Bongo Akanga Ndjila, Barthelemy"]
[Black "Vidruska, Renate"]
[WhiteFideId "10609431"]
[BlackFideId "11601841"]
[WhiteElo "1803"]
[BlackElo "1934"]
[Result "1-0"]
[Round "09"]
[TimeControl "180+1"]
[Date "2021.09.21"]
[WhiteClock "0:00:41"]
[BlackClock "0:00:09"]

1. d4 Nf6 2. c4 e6 3. Nc3 Bb4 4. f3 d5 5. a3 Bxc3+ 6. bxc3 c5 7. cxd5 Nxd5 8. Qd3 f5 9. e3 O-O 10. Ne2 b6 11. Ng3 Ba6 12. Qc2 Bxf1 13. Rxf1 Nd7 14. Kf2 Rc8 15. Kg1 cxd4 16. exd4 Rxc3 17. Qe2 Qf6 18. Bb2 Rc7 19. Rfe1 Rc6 20. Rac1 Rfc8 21. Rxc6 Rxc6 22. Qd3 Nf4 23. Qb5 Rc7 24. d5 e5 25. Qb3 Qd6 26. Nxf5 Qxd5 27. Ne7+ Kf8 28. Nxd5 Nc5 29. Qc4 Rd7 30. Nxf4 exf4 31. Qxf4+ 1-0


[Site "https://www.chess.com"]

[Event "Titled Tuesday Blitz September 21 2021"]
[White "Bures, Vit"]
[Black "Maranhao,Jose Renato Ruiz"]
[WhiteFideId "309052"]
[BlackFideId "2135175"]
[WhiteElo "2132"]
[BlackElo "1970"]
[Result "1-0"]
[Round "09"]
[TimeControl "180+1"]
[Date "2021.09.21"]
[WhiteClock "0:01:04"]
[BlackClock "0:00:01"]

1. d4 c6 2. c4 d5 3. Nc3 Nf6 4. e3 e6 5. Nf3 Bd6 6. Bd3 O-O 7. O-O dxc4 8. Bxc4 b5 9. Bd3 Nbd7 10. Bd2 e5 11. Qc2 Bb7 12. Ne4 Nxe4 13. Bxe4 Nf6 14. dxe5 Nxe4 15. Qxe4 Be7 16. Rfd1 Qb6 17. e6 c5 18. exf7+ Rxf7 19. Qg4 Raf8 20. Bc3 b4 21. Be5 Qh6 22. e4 Rxf3 23. gxf3 Bg5 24. Rd6 1-0


[Site "https://www.chess.com"]

[Event "Titled Tuesday Blitz September 21 2021"]
[White "Buscar, Michael"]
[Black "Sargsyan, Anna M."]
[WhiteFideId "2603616"]
[BlackFideId "13308130"]
[WhiteElo "2010"]
[BlackElo "2263"]
[Result "1/2-1/2"]
[Round "09"]
[TimeControl "180+1"]
[Date "2021.09.21"]
[WhiteClock "0:00:08"]
[BlackClock "0:01:25"]

1. d4 d5 2. c4 c6 3. Nf3 Nf6 4. g3 Bf5 5. Bg2 e6 6. O-O Be7 7. b3 O-O 8. Bb2 Nbd7 9. Nbd2 h6 10. Ne5 Rc8 11. Re1 Bb4 12. a3 Bxd2 13. Qxd2 dxc4 14. Nxc4 Ne4 15. Bxe4 Bxe4 16. Nd6 Bd5 17. Nxc8 Qxc8 18. e4 Bxb3 19. Qb4 Bc2 20. Qc3 Ba4 21. d5 e5 22. Rac1 Re8 23. Qb4 Bb5 24. a4 Ba6 25. dxc6 bxc6 26. Qd6 c5 27. Red1 Nf6 28. Rxc5 Qb7 29. Rc7 Qxb2 30. Qxa6 Nxe4 31. Qxa7 Ng5 32. h4 Nf3+ 33. Kg2 Qe2 34. Rxf7 Nxh4+ 35. Kh3 Nf5 36. Rxf5 Qxd1 37. Qf7+ Kh7 38. Qxe8 Qh1+ 39. Kg4 Qe4+ 40. Rf4 Qe2+ 41. Kh3 Qf1+ 42. Kg4 Qd1+ 43. Rf3 Qe2 44. Qf7 e4 45. Qf5+ Kh8 46. Qf8+ Kh7 47. Qf5+ Kh8 48. Qc8+ Kh7 49. Qf5+ 1/2-1/2


[Site "https://www.chess.com"]

[Event "Titled Tuesday Blitz September 21 2021"]
[White "Cella, Glaucio Dalla Cortt"]
[Black "Neklyudov, Viacheslav I."]
[WhiteFideId "2119455"]
[BlackFideId "4125703"]
[WhiteElo "2011"]
[BlackElo "2283"]
[Result "0-1"]
[Round "09"]
[TimeControl "180+1"]
[Date "2021.09.21"]
[WhiteClock "0:00:07"]
[BlackClock "0:01:00"]

1. e4 c5 2. Nf3 Nc6 3. c3 Nf6 4. e5 Nd5 5. d4 cxd4 6. cxd4 d6 7. Nc3 Nxc3 8. bxc3 dxe5 9. Nxe5 Nxe5 10. dxe5 Qxd1+ 11. Kxd1 Bg4+ 12. f3 Bd7 13. Be3 O-O-O 14. Bxa7 Ba4+ 15. Kc1 e6 16. Bd4 Ba3+ 17. Kd2 Kc7 18. Bc4 Rd7 19. Rab1 Bc5 20. Ke3 Bxd4+ 21. cxd4 Rhd8 22. Rb4 Bc6 23. Rd1 Ra8 24. Rd3 Ra5 25. Rdb3 g5 26. a3 Ra4 27. Rxa4 Bxa4 28. Rc3 Bc6 29. Bd3 h6 0-1


[Site "https://www.chess.com"]

[Event "Titled Tuesday Blitz September 21 2021"]
[White "Gabrielian, Artur"]
[Black "Zhigalko, Sergei"]
[WhiteFideId "4131002"]
[BlackFideId "13502956"]
[WhiteElo "2489"]
[BlackElo "2662"]
[Result "1-0"]
[Round "09"]
[TimeControl "180+1"]
[Date "2021.09.21"]
[WhiteClock "0:00:46"]
[BlackClock "0:00:01"]

1. e4 c5 2. Nf3 Nc6 3. Bb5 Nf6 4. Nc3 Qc7 5. O-O Nd4 6. Re1 a6 7. Bf1 Ng4 8. g3 Nxf3+ 9. Qxf3 Ne5 10. Qe2 e6 11. d3 d6 12. f4 Nc6 13. Qf2 Be7 14. Be3 O-O 15. Bg2 Rb8 16. g4 b5 17. Ne2 b4 18. Ng3 a5 19. g5 f6 20. g6 hxg6 21. h4 f5 22. h5 gxh5 23. Nxh5 g6 24. exf5 Rxf5 25. Ng3 Bh4 26. Qf3 Rf7 27. Qg4 Bxg3 28. Qxg3 Ne7 29. Bf2 Bd7 30. d4 Rbf8 31. dxc5 dxc5 32. Rad1 Nf5 33. Qg5 Rg7 34. Re5 c4 35. Bc5 Re8 36. Qf6 Bc6 37. Rxe6 Rc8 38. Rxc6 1-0


[Site "https://www.chess.com"]

[Event "Titled Tuesday Blitz September 21 2021"]
[White "Gelman, Alexander"]
[Black "Gubanov, Oleg"]
[WhiteFideId "4118316"]
[BlackFideId "14115115"]
[WhiteElo "2375"]
[BlackElo "2128"]
[Result "1-0"]
[Round "09"]
[TimeControl "180+1"]
[Date "2021.09.21"]
[WhiteClock "0:00:28"]
[BlackClock "0:00:02"]

1. d4 b5 2. e4 Bb7 3. Bd3 Nf6 4. Qe2 c5 5. c3 cxd4 6. cxd4 Nc6 7. d5 Ne5 8. Bxb5 e6 9. f4 Ng6 10. Nc3 Bb4 11. dxe6 fxe6 12. f5 exf5 13. exf5+ Ne7 14. Nf3 O-O 15. Qc4+ Nfd5 16. O-O Rc8 17. Qb3 Bxc3 18. bxc3 Rxc3 19. Qb2 Rxf5 20. Bd2 Qb6+ 21. Kh1 Rc5 22. a4 a6 23. Ne5 Rxf1+ 24. Rxf1 axb5 25. Nxd7 Qd8 26. Nxc5 Bc8 27. axb5 Nb6 28. Bg5 h6 29. Bh4 Qd6 30. Qf2 Ned5 31. Ne4 Qb4 32. Qf7+ Kh7 33. Bf6 1-0


[Site "https://www.chess.com"]

[Event "Titled Tuesday Blitz September 21 2021"]
[White "Gorin, Leonid"]
[Black "Leve, Nitai"]
[WhiteFideId "4131991"]
[BlackFideId "2006898"]
[WhiteElo "2363"]
[BlackElo "2144"]
[Result "1-0"]
[Round "09"]
[TimeControl "180+1"]
[Date "2021.09.21"]
[WhiteClock "0:00:44"]
[BlackClock "0:00:18"]

1. e4 c6 2. d4 d5 3. Nd2 dxe4 4. Nxe4 Nf6 5. Nxf6+ gxf6 6. c3 Rg8 7. Nf3 Bg4 8. g3 e5 9. Be2 e4 10. Nh4 Bh3 11. Qb3 Nd7 12. Qxb7 f5 13. Qxc6 Be7 14. Bf4 Bxh4 15. gxh4 e3 16. Bf3 Rc8 17. Qb7 Nc5 18. Qb5+ Kf8 19. O-O-O Ne6 20. Bh6+ Ke7 21. d5 Nc5 22. Bxe3 Qd6 23. Rhe1 Kf8 24. Bxc5 Rxc5 25. Qe8+ Kg7 26. Qe5+ Qxe5 27. Rxe5 Kf6 28. Re3 Bg2 29. d6 Bxf3 30. Rxf3 1-0


[Site "https://www.chess.com"]

[Event "Titled Tuesday Blitz September 21 2021"]
[White "Grandelius, Nils"]
[Black "Herrera Reyes, Jose Antonio"]
[WhiteFideId "1710400"]
[BlackFideId "2274914"]
[WhiteElo "2651"]
[BlackElo "2361"]
[Result "1-0"]
[Round "09"]
[TimeControl "180+1"]
[Date "2021.09.21"]
[WhiteClock "0:01:10"]
[BlackClock "0:00:15"]

1. c4 c5 2. Nf3 b6 3. e3 Bb7 4. d4 e6 5. d5 Nf6 6. Nc3 exd5 7. cxd5 g6 8. e4 Bg7 9. Bd3 O-O 10. O-O d6 11. Re1 Nbd7 12. Bf4 Ne8 13. Qd2 a6 14. a4 Ne5 15. Nxe5 dxe5 16. Be3 f5 17. f3 Nd6 18. a5 fxe4 19. fxe4 b5 20. Bxc5 Rc8 21. b4 Rf4 22. Rf1 Qg5 23. Be3 Rxf1+ 24. Rxf1 Qg4 25. Bc5 Rd8 26. h3 Qg3 27. Ne2 Qh4 28. Qe1 Qg5 29. Qg3 Qd2 30. Qh4 g5 31. Qg3 h6 32. Qe3 Qb2 33. Ng3 Bc8 34. Nh5 Bh8 35. Qf3 Qd2 36. Bxd6 Rxd6 37. Qf7# 1-0


[Site "https://www.chess.com"]

[Event "Titled Tuesday Blitz September 21 2021"]
[White "Grineva, Marianna"]
[Black "Florescu, Codrut-Constantin"]
[WhiteFideId "14102013"]
[BlackFideId "1202200"]
[WhiteElo "1903"]
[BlackElo "2243"]
[Result "0-1"]
[Round "09"]
[TimeControl "180+1"]
[Date "2021.09.21"]
[WhiteClock "0:00:01"]
[BlackClock "0:01:23"]

1. e4 c5 2. Nf3 e6 3. d4 cxd4 4. Nxd4 Nf6 5. Nc3 d6 6. g4 a6 7. g5 Nfd7 8. h4 b5 9. Be2 Bb7 10. f3 Nc6 11. Be3 Rc8 12. Qd2 Nce5 13. O-O-O Nb6 14. Bf4 Nec4 15. Bxc4 Nxc4 16. Qh2 e5 17. Bxe5 Nxe5 18. Nf5 g6 19. Nxd6+ Bxd6 20. f4 Rxc3 21. bxc3 Nc4 22. Kb1 Qa5 23. Rd4 Qxc3 24. Rxc4 bxc4 25. Qh3 Qxh3 26. Rxh3 O-O 27. e5 Bb4 28. h5 Be4 29. Kb2 Rb8 30. hxg6 hxg6 31. a3 Bd2+ 32. Ka2 c3 33. Rh2 Bxc2 34. e6 fxe6 35. a4 Rb2+ 36. Ka3 Rb3+ 37. Ka2 Rb4 38. Ka3 a5 39. Rxd2 Rxa4# 0-1


[Site "https://www.chess.com"]

[Event "Titled Tuesday Blitz September 21 2021"]
[White "Haitin, Ilja"]
[Black "Balleisen, Aaron"]
[WhiteFideId "4501764"]
[BlackFideId "2087073"]
[WhiteElo "2218"]
[BlackElo "2289"]
[Result "0-1"]
[Round "09"]
[TimeControl "180+1"]
[Date "2021.09.21"]
[WhiteClock "0:00:09"]
[BlackClock "0:00:31"]

1. e4 c5 2. d3 Nc6 3. g3 g6 4. Bg2 Bg7 5. f4 Rb8 6. Nf3 b5 7. O-O Nh6 8. a4 a6 9. axb5 axb5 10. h3 f5 11. e5 O-O 12. c3 d6 13. d4 Nf7 14. Be3 Qc7 15. Nbd2 cxd4 16. cxd4 Be6 17. Nh4 Nb4 18. Rc1 Qa7 19. Bf2 Qa2 20. Ndf3 Bc4 21. Rxc4 bxc4 22. g4 fxg4 23. hxg4 Qxb2 24. e6 Nh6 25. f5 Nxg4 26. fxg6 h6 27. Qa4 Nxf2 28. Rxf2 Bxd4 29. Qd7 Qxf2+ 30. Kh2 Be5+ 31. Nxe5 Qxh4+ 32. Kg1 Qe1+ 33. Kh2 Qxe5+ 34. Kg1 Nd5 35. g7 Rb1+ 36. Bf1 Qg3+ 37. Kh1 Rfxf1# 0-1


[Site "https://www.chess.com"]

[Event "Titled Tuesday Blitz September 21 2021"]
[White "Hambleton, Aman"]
[Black "Djokic, Mihailo"]
[WhiteFideId "2606577"]
[BlackFideId "976440"]
[WhiteElo "2552"]
[BlackElo "2008"]
[Result "1-0"]
[Round "09"]
[TimeControl "180+1"]
[Date "2021.09.21"]
[WhiteClock "0:02:56"]
[BlackClock "0:01:53"]

1. d4 Nf6 2. c3 g6 3. Nf3 Bg7 4. Bf4 d6 5. h3 O-O 6. e3 b6 7. Bh2 Bb7 8. Bd3 Nbd7 9. O-O Re8 10. a4 e5 11. Be2 e4 12. Nfd2 a5 13. c4 d5 14. cxd5 Nxd5 15. Nc3 c6 16. Ndxe4 Nxc3 17. Nxc3 Nf6 18. Bf3 Qd7 19. Qb3 Ba6 20. Rfd1 Qc7 21. Bxc7 1-0


[Site "https://www.chess.com"]

[Event "Titled Tuesday Blitz September 21 2021"]
[White "Holt, Conrad"]
[Black "Andreikin, Dmitry"]
[WhiteFideId "2034387"]
[BlackFideId "4158814"]
[WhiteElo "2849"]
[BlackElo "3015"]
[Result "1-0"]
[Round "09"]
[TimeControl "180+1"]
[Date "2021.09.21"]
[WhiteClock "0:00:48"]
[BlackClock "0:00:06"]

1. d4 d5 2. c4 c6 3. Nc3 Nf6 4. e3 e6 5. Bd3 Nbd7 6. e4 dxc4 7. Bxc4 b5 8. Bd3 b4 9. Na4 c5 10. Nf3 cxd4 11. e5 Nd5 12. O-O Bb7 13. Re1 Be7 14. Nxd4 O-O 15. Qg4 Re8 16. Bh6 Bf8 17. Bg5 Qb8 18. Nf3 g6 19. h4 Bg7 20. Qg3 N5b6 21. Bb5 Bxf3 22. Nxb6 Nxb6 23. Bxe8 Bd5 24. Bb5 a6 25. Bd3 Na4 26. Bf6 Nxb2 27. Be4 a5 28. Bxg7 Kxg7 29. Bxd5 exd5 30. Qf3 Qb7 31. Qf6+ Kg8 32. e6 fxe6 33. Qxb2 Qf7 34. Qe5 Re8 35. Rac1 h5 36. Rc6 1-0


[Site "https://www.chess.com"]

[Event "Titled Tuesday Blitz September 21 2021"]
[White "Karas, Marek"]
[Black "Sharma, Dinesh K."]
[WhiteFideId "14928558"]
[BlackFideId "5004110"]
[WhiteElo "2273"]
[BlackElo "2392"]
[Result "1-0"]
[Round "09"]
[TimeControl "180+1"]
[Date "2021.09.21"]
[WhiteClock "0:01:43"]
[BlackClock "0:01:07"]

1. d4 d5 2. Nf3 Nf6 3. c4 c6 4. Nc3 e6 5. g4 Nxg4 6. Qc2 Nf6 7. e4 dxe4 8. Nxe4 Nbd7 9. Bd2 Nxe4 10. Qxe4 Nf6 11. Qh4 b6 12. Bd3 Bb7 13. O-O-O c5 14. d5 Be7 15. Bg5 exd5 16. Rhe1 Kf8 17. Ne5 d4 18. f4 Qc7 19. Rg1 b5 20. Kb1 bxc4 21. Bxc4 Bd5 22. Rc1 Bxc4 23. Rxc4 Qb6 24. Bxf6 Bxf6 25. Nd7+ Ke7 26. Nxb6 Bxh4 27. Nxa8 Rxa8 28. Rxg7 Bf6 29. Rxh7 Rc8 30. Kc2 Ke6 31. Rh5 Kd6 32. b4 d3+ 33. Kxd3 Rd8 34. Rcxc5 Ke6+ 35. Ke2 Rd4 36. Rc6+ Ke7 37. Ra5 Rxf4 38. Rxa7+ Kf8 39. b5 Bd4 40. b6 Rf2+ 41. Kd3 Bxb6 42. Rxb6 Rxh2 43. a4 Kg7 44. Rbb7 Ra2 45. Rxf7+ Kg6 1-0


[Site "https://www.chess.com"]

[Event "Titled Tuesday Blitz September 21 2021"]
[White "Kett, Tim"]
[Black "Beulen, Marcel"]
[WhiteFideId "1801210"]
[BlackFideId "1001450"]
[WhiteElo "2098"]
[BlackElo "2371"]
[Result "1-0"]
[Round "09"]
[TimeControl "180+1"]
[Date "2021.09.21"]
[WhiteClock "0:00:24"]
[BlackClock "0:00:31"]

1. e4 d5 2. exd5 Qxd5 3. Nf3 Bg4 4. Be2 Nc6 5. h3 Bh5 6. O-O O-O-O 7. d4 Bxf3 8. Bxf3 Qxd4 9. Qe2 Qe5 10. Bg4+ e6 11. Be3 Nf6 12. Nd2 Nxg4 13. Qxg4 Bd6 14. Nf3 Qf5 15. Qa4 Kb8 16. b4 a6 17. Rab1 Ne5 18. Nd4 Qe4 19. b5 axb5 20. Rxb5 c5 21. Rfb1 cxd4 22. Bxd4 Qxd4 23. Rxb7+ Kc8 24. Qa8+ Bb8 25. Qxb8# 1-0


[Site "https://www.chess.com"]

[Event "Titled Tuesday Blitz September 21 2021"]
[White "Krivonosov, Oleg"]
[Black "Estrada Nieto, Julian"]
[WhiteFideId "11600349"]
[BlackFideId "5101018"]
[WhiteElo "2469"]
[BlackElo "2270"]
[Result "1/2-1/2"]
[Round "09"]
[TimeControl "180+1"]
[Date "2021.09.21"]
[WhiteClock "0:01:01"]
[BlackClock "0:00:14"]

1. Nf3 d5 2. d4 Nf6 3. c4 dxc4 4. e3 e6 5. Bxc4 c5 6. O-O a6 7. dxc5 Bxc5 8. Qxd8+ Kxd8 9. Be2 Ke7 10. Nc3 b5 11. Bd2 Bb7 12. Rfc1 Nbd7 13. Be1 Rhc8 14. Nd2 Ne5 15. Nb3 Bb6 16. Nd4 Nc4 17. Bxc4 Rxc4 18. Nce2 Rac8 19. Rxc4 Rxc4 20. b3 Rc7 21. Bb4+ Ke8 22. Rd1 Nd5 23. Be1 g6 24. Kf1 Bc5 25. a4 bxa4 26. bxa4 Bb4 27. Rb1 a5 28. Nb5 Rd7 29. Bxb4 axb4 30. e4 Nb6 31. a5 Nc4 32. Ke1 Nxa5 33. Rxb4 Nc6 34. Rb1 Ba6 35. f3 Bxb5 36. Rxb5 Nd4 37. Nxd4 Rxd4 38. Kf2 h5 39. h4 Rd2+ 40. Kg3 Ke7 41. Rb7+ Kf8 42. e5 Re2 43. f4 Kg7 44. Kf3 Re1 45. g3 Rc1 46. Rb3 Rc2 47. Re3 Rb2 48. Re2 Rb3+ 49. Re3 Rb2 50. Rd3 Ra2 51. Rb3 Rc2 52. Rb7 Ra2 53. Rb3 Rc2 1/2-1/2


[Site "https://www.chess.com"]

[Event "Titled Tuesday Blitz September 21 2021"]
[White "Lysyj, Igor"]
[Black "Kwon, Sehyun"]
[WhiteFideId "4150120"]
[BlackFideId "13203088"]
[WhiteElo "2660"]
[BlackElo "1778"]
[Result "1-0"]
[Round "09"]
[TimeControl "180+1"]
[Date "2021.09.21"]
[WhiteClock "0:01:18"]
[BlackClock "0:00:02"]

1. d4 d5 2. c4 c6 3. Nf3 Nf6 4. g3 Bg4 5. Ne5 Bf5 6. Qb3 Qb6 7. cxd5 Nxd5 8. Bg2 Qxb3 9. axb3 Nb4 10. O-O Nc2 11. Ra4 b5 12. Ra5 Nxd4 13. Be3 f6 14. Bxd4 fxe5 15. Bxe5 Bd7 16. Nc3 e6 17. Nxb5 cxb5 18. Bxa8 Nc6 19. Bxc6 Bxc6 20. Rxa7 Bd5 21. Rc1 Kd8 22. Rcc7 1-0


[Site "https://www.chess.com"]

[Event "Titled Tuesday Blitz September 21 2021"]
[White "Manukian, Artak"]
[Black "Turzo, Attila"]
[WhiteFideId "13301373"]
[BlackFideId "704954"]
[WhiteElo "2283"]
[BlackElo "2461"]
[Result "0-1"]
[Round "09"]
[TimeControl "180+1"]
[Date "2021.09.21"]
[WhiteClock "0:00:06"]
[BlackClock "0:01:22"]

1. e4 c5 2. Nf3 e6 3. c3 Nf6 4. e5 Nd5 5. d4 cxd4 6. cxd4 d6 7. Nc3 Nxc3 8. bxc3 Be7 9. Bd3 O-O 10. O-O dxe5 11. Nxe5 Nd7 12. Qh5 g6 13. Qe2 Nxe5 14. dxe5 Qc7 15. Bh6 Rd8 16. Rac1 Bd7 17. Bb1 Bc6 18. Rfe1 Rac8 19. Qg4 Be8 20. Bg5 Bxg5 21. Qxg5 Rd5 22. h4 Qd8 23. Qf4 Rcc5 24. h5 Qc7 25. hxg6 hxg6 26. Re3 Rxe5 27. g3 Rh5 28. Qxc7 Rxc7 29. Be4 Rhc5 30. Rd3 Kf8 31. f4 Ke7 32. Kf2 Bb5 33. Re3 Bc4 34. Rc2 Ra5 35. Rb2 Rxa2 36. Rxa2 Bxa2 37. Ke2 Bc4+ 38. Kd2 b5 39. Kc2 a5 40. Kb2 Rd7 41. g4 Rd2+ 42. Kc1 Rf2 43. f5 gxf5 44. gxf5 a4 45. fxe6 fxe6 46. Bc6 a3 0-1


[Site "https://www.chess.com"]

[Event "Titled Tuesday Blitz September 21 2021"]
[White "Nakamura, Hikaru"]
[Black "Lashkin, Jegor"]
[WhiteFideId "2016192"]
[BlackFideId "13907808"]
[WhiteElo "3196"]
[BlackElo "2911"]
[Result "1-0"]
[Round "09"]
[TimeControl "180+1"]
[Date "2021.09.21"]
[WhiteClock "0:01:24"]
[BlackClock "0:00:28"]

1. Nf3 d5 2. e3 Nf6 3. c4 e6 4. d4 a6 5. cxd5 exd5 6. g3 Bd6 7. Bg2 O-O 8. O-O Re8 9. Nc3 c6 10. a3 a5 11. Qc2 g6 12. Nh4 Nbd7 13. b3 Nf8 14. Bb2 Ne6 15. Rfe1 Ng7 16. Rad1 Nf5 17. Nf3 Ng7 18. Ne5 Bf5 19. Qc1 Qb6 20. f3 Qxb3 21. e4 Be6 22. Nd3 dxe4 23. fxe4 Be7 24. Re3 Rad8 25. Nf4 Qb6 26. Na4 Qc7 27. d5 Bg4 28. Rf1 b5 29. e5 Nfh5 30. d6 Bxd6 31. exd6 Qa7 32. Nc5 Rxe3 33. Qxe3 Nf5 34. Qc3 1-0


[Site "https://www.chess.com"]

[Event "Titled Tuesday Blitz September 21 2021"]
[White "Nan, M K Khine Hlyan"]
[Black "Matsuura, Frederico"]
[WhiteFideId "13002899"]
[BlackFideId "2107848"]
[WhiteElo "1943"]
[BlackElo "2302"]
[Result "0-1"]
[Round "09"]
[TimeControl "180+1"]
[Date "2021.09.21"]
[WhiteClock "0:01:41"]
[BlackClock "0:01:00"]

1. e4 c5 2. Nf3 d6 3. d4 cxd4 4. Nxd4 Nf6 5. Nc3 e6 6. Be2 Nc6 7. Be3 Be7 8. O-O O-O 9. f4 Bd7 10. Bf3 Qc7 11. Nxc6 Bxc6 12. Qd2 b5 13. Rad1 b4 14. Ne2 Nxe4 15. Bxe4 Bxe4 16. Ng3 Qxc2 17. Nxe4 Qxe4 18. f5 exf5 19. Bf4 d5 20. Rde1 Bc5+ 21. Kh1 Qc4 22. Rc1 Qd4 23. Qe2 Rfe8 24. Qh5 g6 25. Qg5 Be7 26. Qg3 Qxb2 27. Be5 Qxa2 28. Qh3 Bf8 29. Qh4 Rxe5 30. Qf6 Re6 31. Qg5 Bg7 32. h4 b3 33. h5 Rae8 34. hxg6 Rxg6 35. Qxg6 0-1


[Site "https://www.chess.com"]

[Event "Titled Tuesday Blitz September 21 2021"]
[White "Novikova, Galina"]
[Black "Yaksin, Oleg"]
[WhiteFideId "4157095"]
[BlackFideId "24105880"]
[WhiteElo "1844"]
[BlackElo "2310"]
[Result "0-1"]
[Round "09"]
[TimeControl "180+1"]
[Date "2021.09.21"]
[WhiteClock "0:00:06"]
[BlackClock "0:00:56"]

1. e4 c5 2. Nf3 d6 3. d4 cxd4 4. Nxd4 Nf6 5. Nc3 Nc6 6. h3 e5 7. Nde2 Be6 8. g4 h6 9. Bg2 Be7 10. Ng3 g6 11. O-O Rc8 12. Nd5 Bxd5 13. exd5 Nb8 14. f4 Nbd7 15. fxe5 Nxe5 16. Kh1 Nfd7 17. Ne4 Kf8 18. b3 Kg7 19. Bb2 Nf6 20. c4 Nxe4 21. Bxe4 Bf6 22. Qe2 h5 23. g5 Bxg5 24. Qf2 Rf8 25. Qxa7 b6 26. Rf2 Ra8 27. Qb7 Rb8 28. Qa7 Be3 29. Rf3 Qg5 30. Raf1 Ra8 31. Rxf7+ Rxf7 32. Rxf7+ Kg8 33. Rg7+ Kf8 34. Qxa8+ Kxg7 35. Qb7+ Kh6 36. Bg2 Qg3 37. Qc8 Qe1+ 38. Kh2 Qg1+ 39. Kg3 Qf2+ 40. Kh2 Bf4+ 41. Kh1 Qe1+ 0-1


[Site "https://www.chess.com"]

[Event "Titled Tuesday Blitz September 21 2021"]
[White "P., Komal Kishore"]
[Black "Qashashvili, Alexandre"]
[WhiteFideId "5016703"]
[BlackFideId "13600842"]
[WhiteElo "2161"]
[BlackElo "2316"]
[Result "0-1"]
[Round "09"]
[TimeControl "180+1"]
[Date "2021.09.21"]
[WhiteClock "0:00:39"]
[BlackClock "0:02:27"]

1. e4 c6 2. d4 d5 3. Nc3 dxe4 4. Nxe4 Nd7 5. Qe2 Ndf6 6. Ng3 Qxd4 7. Nf3 Qb6 8. Be3 Qxb2 9. Rd1 Bg4 10. Qd2 e6 11. Be2 Bb4 12. O-O Bxd2 13. Rxd2 Ne7 14. h3 Bxf3 15. Bxf3 O-O 16. Re1 Rfd8 17. Rde2 Qxa2 18. Bg5 Ned5 19. c4 Qxc4 0-1


[Site "https://www.chess.com"]

[Event "Titled Tuesday Blitz September 21 2021"]
[White "Pajeken, Jakob Leon"]
[Black "Suarez Gomez, Julio"]
[WhiteFideId "12942839"]
[BlackFideId "22275991"]
[WhiteElo "2351"]
[BlackElo "2376"]
[Result "0-1"]
[Round "09"]
[TimeControl "180+1"]
[Date "2021.09.21"]
[WhiteClock "0:01:02"]
[BlackClock "0:00:52"]

1. d4 e6 2. Nf3 d5 3. Bf4 Bd6 4. Bg3 Nf6 5. e3 O-O 6. c3 c5 7. Nbd2 Qc7 8. Bd3 Nbd7 9. O-O Bxg3 10. hxg3 e5 11. e4 dxe4 12. Nxe4 Nxe4 13. Bxe4 Nf6 14. Bc2 exd4 15. cxd4 Rd8 16. Qd3 Bg4 17. Rac1 Bxf3 18. Qxf3 Rxd4 19. a3 Rad8 20. b4 b6 21. bxc5 bxc5 22. Bf5 R8d6 23. g4 g6 24. g5 Nd5 25. Be4 Nb6 26. Bb1 c4 27. Rfe1 Rd8 28. Qf6 Qf4 29. Qxf4 Rxf4 30. Re4 Rxe4 31. Bxe4 Rd2 32. a4 Ra2 33. Bc6 Kg7 34. g4 h6 35. gxh6+ Kxh6 36. Kg2 Kg5 37. Kg3 Ra3+ 38. f3 f5 39. gxf5 gxf5 40. Rc2 f4+ 41. Kh3 c3 42. a5 Nc4 43. Rg2+ Kf6 44. Be4 Ne3 45. Rg6+ Ke5 46. Ra6 Ra1 47. Kh4 Rh1+ 48. Kg5 Rg1+ 49. Kh4 c2 50. Bxc2 Nxc2 51. Rxa7 Nd4 52. Re7+ Kf6 53. Re4 Nxf3+ 54. Kh5 Kf5 0-1


[Site "https://www.chess.com"]

[Event "Titled Tuesday Blitz September 21 2021"]
[White "Pavlidis, Anastasios"]
[Black "Nazaretyan, Tigran"]
[WhiteFideId "4208404"]
[BlackFideId "24162345"]
[WhiteElo "2136"]
[BlackElo "2212"]
[Result "1-0"]
[Round "09"]
[TimeControl "180+1"]
[Date "2021.09.21"]
[WhiteClock "0:00:40"]
[BlackClock "0:00:56"]

1. e4 c5 2. Nf3 d6 3. d4 cxd4 4. Nxd4 Nf6 5. Nc3 Nc6 6. Be3 e5 7. Nb3 Be7 8. f3 O-O 9. Be2 a5 10. a3 a4 11. Nd2 Be6 12. O-O d5 13. exd5 Nxd5 14. Nxd5 Bxd5 15. Ne4 f5 16. Nc3 Be6 17. Bb5 Nd4 18. Bxd4 Qxd4+ 19. Qxd4 exd4 20. Nxa4 Ra5 21. c4 dxc3 22. Nxc3 Bf6 23. Rfe1 Bf7 24. Bd3 g6 25. Bc2 Rc8 26. Rad1 Bxc3 27. bxc3 Rxc3 28. Rd8+ Kg7 29. Rd7 Rxc2 30. Ree7 Rxa3 31. Rxf7+ Kh6 32. h4 g5 33. Rf6+ Kh5 34. Rxh7# 1-0


[Site "https://www.chess.com"]

[Event "Titled Tuesday Blitz September 21 2021"]
[White "Popadic, Dragan"]
[Black "De Silva, L M S T"]
[WhiteFideId "913650"]
[BlackFideId "9953698"]
[WhiteElo "2207"]
[BlackElo "1621"]
[Result "0-1"]
[Round "09"]
[TimeControl "180+1"]
[Date "2021.09.21"]
[WhiteClock "0:00:06"]
[BlackClock "0:01:53"]

1. e4 e5 2. d4 exd4 3. Qxd4 Nc6 4. Qe3 Nf6 5. Nc3 Bb4 6. Bd2 O-O 7. O-O-O Re8 8. Qg3 Rxe4 9. a3 Bd6 10. f4 Re8 11. Bd3 Bf8 12. Nf3 d6 13. Ng5 h6 14. h4 Bg4 15. Rdf1 Qd7 16. Nf3 Ne7 17. Nh2 Nf5 18. Qf2 h5 19. Re1 g6 20. Nf3 Bxf3 21. Qxf3 Bg7 22. Ne4 Ng4 23. g3 Nd4 24. Qf1 c5 25. Ng5 d5 26. Bc3 c4 27. Be2 Nxe2+ 28. Rxe2 Bxc3 29. bxc3 Qd6 30. Kb2 Qb6+ 31. Ka2 Qa5 32. Rxe8+ Rxe8 33. Qa1 Re2 34. Rc1 Ne3 35. Qb2 Qa4 36. Kb1 b5 37. Nf3 Nf5 38. Ne5 a5 39. Rd1 b4 40. axb4 axb4 41. Qxb4 Qxc2+ 0-1


[Site "https://www.chess.com"]

[Event "Titled Tuesday Blitz September 21 2021"]
[White "Pourkashiyan, Atousa"]
[Black "Thomas, Anysia"]
[WhiteFideId "12502014"]
[BlackFideId "670472"]
[WhiteElo "2285"]
[BlackElo "2004"]
[Result "1/2-1/2"]
[Round "09"]
[TimeControl "180+1"]
[Date "2021.09.21"]
[WhiteClock "0:00:14"]
[BlackClock "0:00:09"]

1. e4 c5 2. Nf3 g6 3. d4 cxd4 4. Nxd4 Nc6 5. Be3 Bg7 6. c4 Nf6 7. Nc3 Ng4 8. Qxg4 Nxd4 9. Qd1 e5 10. Bd3 O-O 11. O-O d6 12. Nd5 Be6 13. Rc1 Rc8 14. b3 f5 15. exf5 gxf5 16. Bxd4 Bxd5 17. Bxa7 Bc6 18. Qh5 e4 19. Bb1 Ra8 20. Be3 f4 21. Bd2 Qf6 22. Bc3 Qe7 23. Rfe1 Rae8 24. Bxg7 Qxg7 25. Rcd1 f3 26. g3 Rf6 27. Rd5 Rh6 28. Qg5 Rg6 29. Qh5 Rh6 30. Qf5 Rf6 31. Qh5 Rh6 1/2-1/2


[Site "https://www.chess.com"]